 Dungeon Crawl Stone Soup version 0.31-a0-691-g409c26aa35 (webtiles) character file.

Game seed: 248039078023623341

1290 Dirtsage the Ruffian (level 8, -1/75 (78) HPs)
             Began as a Troll Shapeshifter on Sept 6, 2023.
             Slain by an ogre
             ... wielding a +0 giant club
              (19 damage)
             ... on level 6 of the Dungeon.
             The game lasted 00:12:59 (3556 turns).

Dirtsage the Ruffian (Troll Shapeshifter)           Turns: 3556, Time: 00:12:59

HP:   -1/75 (78)    AC:  4    Str: 23    XL:     8   Next: 30%
MP:   7/7           EV:  9    Int:  8    God:
Gold: 304           SH:  0    Dex:  9    Spells: 7/7 levels left

rFire   . .          .
                       - Unarmed
rCold   . . .        (no shield)
rNeg    . . .        a - +0 animal skin
rPois   .            (helmet currently unavailable)
rElec   .            (cloak currently unavailable)
rCorr   .            (gloves unavailable)
SInv    .            (boots unavailable)
Will    .....        (no amulet)
Stlth   +            (no ring)
HPRegen 1.12/turn    (no ring)
MPRegen 0.10/turn

%: no passive effects
@: beast-form, lightly drained
A: beast (slay +3), large, unfitting armour, claws 3, regeneration 1, shaggy fur
1, tough skin 1
a: Begin Untransformation


You were on level 6 of the Dungeon.
You were a hulking beast.
You visited 2 branches of the dungeon, and saw 7 of its levels.

You collected 304 gold pieces.

Inventory:

Armour
 a - a +0 animal skin (worn)
Jewellery
 b - a ring of ice
 g - a ring of fire
Talismans
 c - a beast talisman (active)
 d - a flux talisman
Wands
 p - a wand of paralysis (16)
 w - a wand of polymorph (10)
Scrolls
 f - a scroll of noise {unknown}
 i - a scroll of brand weapon {unknown}
 l - a scroll of enchant armour {unknown}
 m - a scroll of poison {unknown}
 q - 3 scrolls of identify {unknown}
 s - 2 scrolls of teleportation {unknown}
 v - a scroll of vulnerability {unknown}
 x - a scroll of torment {unknown}
Potions
 e - 5 potions of curing {unknown}
 h - a potion of magic {unknown}
 j - a potion of brilliance {unknown}
 k - 3 potions of berserk rage {unknown}
 n - 2 potions of enlightenment {unknown}
 o - a potion of mutation {unknown}
 r - a potion of degeneration {unknown}
 t - a potion of might {unknown}
 u - a potion of haste {unknown}


   Skills:
 + Level 4.1 Fighting
 - Level 1.5 Dodging
 - Level 1.6 Shields
 * Level 7.4 Unarmed Combat
 + Level 5.5 Shapeshifting


You had 7 spell levels left.
You didn't know any spells.
Your spell library contained the following spells:

 Spells                   Type           Power      Damage    Failure   Level
 Apportation              Tloc           0%         N/A       41%         1
 Necrotise                Necr           0%         1d4       41%         1
 Summon Small Mammal      Summ           0%         N/A       41%         1
 Ensorcelled Hibernation  Hex/Ice        0%         N/A       54%         2
 Anguish                  Hex/Necr       0%         N/A       99%         4


Dungeon Overview and Level Annotations

Branches:
Dungeon (6/15)             Temple (1/1) D:4

Altars:
Cheibriados
Fedhas
Gozag
Kikubaaqudgha
Makhleb
Qazlal
Ru
Sif Muna
Trog
Vehumet
Wu Jian
Yredelemnul
Zin

Shops:
D:5 *


Innate Abilities, Weirdness & Mutations

You are a hulking beast.
Your limbs bulge with bestial killing power. (Slay +3)
You are too large for most types of armour.
You have claws for hands.
Your natural rate of healing is unusually fast.
You are covered in fur. (AC +1)
You have tough skin. (AC +1)


Message History

You take 4 damage, and have 45/74 hp.
The wight attacks as it pursues you!
The wight hits you with a +4 dagger of freezing.
You feel drained. The wight freezes you.
You take 9 damage, and have 36/72 hp.
You see here an iguana corpse.
You see here an iguana corpse.
You regained 2 hp, and now have 40/72 hp.
You barely miss the wight.
The wight is heavily damaged.
You scratch the wight but do no damage.
The wight is heavily damaged.
The wight hits you with a +4 dagger of freezing!
You feel drained. The wight freezes you.
You take 10 damage, and have 37/70 hp.
You scratch the wight.
The wight is almost destroyed.
The wight hits you from afar with a +0 halberd.
The wight barely misses you.
You take 3 damage, and have 34/70 hp.
You mangle the wight!!
You destroy the wight!
The wight hits you from afar with a +0 halberd!
You take 7 damage, and have 27/73 hp.
The wight hits you but does no damage.
Things that are here:
a +4 dagger of freezing; a +0 robe You mangle the wight!!
You destroy the wight!
You claw the ogre!
The ogre is moderately wounded.
The ogre hits you with a +0 giant club!
* * * LOW HITPOINT WARNING * * *
You take 13 damage, and have 16/75 hp.
You barely miss the ogre.
The ogre is moderately wounded.
You claw the ogre!
The ogre is severely wounded.
The ogre hits you with a +0 giant club!!
You die...

#######################
#...........zoOh......#
#..##...#...z####.....#
#.# #...#....# ##...#
#.###..##...†###### ..#
#......###...†...$# .#
#.....## #...#....# #
#...### #...#.O..#
##.#### ##..##...#
.#....#### #..####o#


You could see an ogre, 2 wights and an orc.

Vanquished Creatures
  Sigmund (D:3)
  A steam dragon (D:6)
  The ghost of TobyConnect the Trooper, an amateur DsFi (D:4)
  An ogre (D:5)
  A kobold brigand (D:6)
  A bullfrog (D:6)
  2 wights (D:6)
  A jelly (D:5)
  4 hounds
  An orc priest (D:5)
  2 bullfrog skeletons (D:4)
  5 iguanas
  A howler monkey zombie (D:4)
  3 adders
  3 gnolls (D:2)
  A shadow imp (D:4)
  An ufetubus (D:4)
  6 worms
  2 dart slugs (D:2)
  6 orcs (D:5)
  10 ball pythons
  7 endoplasms
  2 giant cockroaches
  3 goblins
  5 hobgoblins
  8 kobolds
  2 quokkas
  7 bats
  2 frilled lizards
  5 rats
95 creatures vanquished.

Notes
Turn   | Place    | Note
-------+----------+-------------------------------------------
     0 | D:1      | Dirtsage the Troll Shapeshifter began the quest for the
                  | Orb.
     0 | D:1      | Reached XP level 1. HP: 18/18 MP: 0/0
   217 | D:1      | Reached skill level 1 in Fighting
   258 | D:1      | Reached XP level 2. HP: 27/27 MP: 1/1
   344 | D:1      | Upgraded the game from 0.31-a0-675-g238779eb0a to
                  | 0.31-a0-691-g409c26aa35
   616 | D:1      | Reached skill level 1 in Shields
   688 | D:1      | Reached XP level 3. HP: 33/33 MP: 2/2
  1132 | D:2      | Reached XP level 4. HP: 19/41 MP: 3/3
  1195 | D:2      | Found an ornate altar of the Wu Jian Council.
  2111 | D:3      | Found a faded altar of an unknown god.
  2150 | D:3      | Noticed Sigmund
  2163 | D:3      | Killed Sigmund
  2164 | D:3      | Reached skill level 4 in Unarmed Combat
  2164 | D:3      | Reached XP level 5. HP: 27/50 MP: 4/4
  2164 | D:3      | Reached XP level 6. HP: 32/59 MP: 5/5
  2313 | D:4      | Found a transporter.
  2313 | D:4      | Noticed TobyConnect's ghost (amateur DsFi)
  2340 | D:4      | Reached skill level 5 in Unarmed Combat
  2345 | D:4      | Killed TobyConnect's ghost
  2350 | D:4      | Reached XP level 7. HP: 67/67 MP: 6/6
  2380 | D:4      | Found a transporter.
  2651 | D:4      | Found a staircase to the Ecumenical Temple.
  2656 | Temple   | Entered the Ecumenical Temple
  2847 | D:5      | Entered Level 5 of the Dungeon
  2902 | D:5      | Found Loiqid's Overcharged Wands.
  2992 | D:5      | Found a burning altar of Makhleb.
  3038 | D:5      | Reached skill level 6 in Unarmed Combat
  3320 | D:5      | Found an opulent altar of Gozag.
  3398 | D:6      | Noticed a steam dragon
  3408 | D:6      | Killed a steam dragon
  3409 | D:6      | Reached skill level 5 in Shapeshifting
  3454 | D:6      | Reached XP level 8. HP: 72/78 MP: 7/7
  3492 | D:6      | Reached skill level 7 in Unarmed Combat
  3556 | D:6      | Slain by an ogre

Illustrated notes

Levels and vault maps discovered:
D:1:      dpeg_arrival_castle, layout_loops_corners, nicolae_wormholes
D:2:      layout_rooms, basic_altar
D:3:      layout_basic, shapermc_ecumenical_altar_hornbeckon,
          grunt_ministairs_14, uniq_sigmund
D:4:      layout_rooms, minmay_temple_entry_nine_rooms,
          gammafunk_ghost_mausoleum, nicolae_titane
D:5:      layout_cave_pools, old_standard_altar, lemuel_coloured_pillars_altar,
          nicolae_shop_overcharged_wands
D:6:      minmay_recursive_quarters, layout_gridville, minmay_misc_feat_plants,
          grunt_tough_drop
Temple:   nicolae_temple_bog_church

Skill      XL: |  1  2  3  4  5  6  7  8 |
---------------+-------------------------+-----
Fighting       | 1 2 3 4 |  4.1
Shields        | 1 |  1.6
Unarmed Combat | 4 5 6 7 |  7.4
Shapeshifting  | 4 5 |  5.5
Dodging        | |  1.5

Action                     |  1- 3 |  4- 6 |  7- 9 || total
---------------------------+-------+-------+-------++-------
  Melee: Unarmed           |   105 |    78 |    78 ||   261
         Punch             |     2 |     4 |     4 ||    10
    Use: Potion            |       |     1 |       ||     1
 Armour: Animal skin       |    67 |    34 |    61 ||   162
         Skin              |       |    27 |       ||    27
  Dodge: Dodged            |    50 |    17 |    26 ||    93

Table legend: (Time is in decaauts)
 A = Elapsed time spent in this place.
 B = Non-inter-level travel time spent in this place.
 C = Inter-level travel time spent in this place.
 D = Time resting spent in this place.
 E = Time spent auto-exploring this place.
 F = Levels seen in this place.
 G = Mean time per level.
                   A        B        C        D        E       F      G
               +--------+--------+--------+--------+--------+-----+--------+
         Total |   3532 |   3426 |    106 |      8 |   2800 |   7 |  504.6 |
       Dungeon |   3530 |   3424 |    106 |      8 |   2800 |   6 |  588.3 |
        Temple |      1 |      1 |      0 |      0 |      0 |   1 |    1.0 |
               +--------+--------+--------+--------+--------+-----+--------+

Top non-repeatable levels by time:
     D:1: 924 daAuts
     D:3: 769 daAuts
     D:4: 589 daAuts
     D:5: 573 daAuts
     D:2: 545 daAuts
     D:6: 127 daAuts
  Temple: 1 daAuts
